 Dungeon Crawl Stone Soup version 0.27-a0-1321-gd358eaa319 (webtiles) character file.

Game seed: 17388218456573277908

37 Ijustatesigmund the Chopper (level 3, 0/31 HPs)
             Began as a Hill Orc Fighter on June 22, 2021.
             Slain by Sigmund (4 damage)
             ... on level 2 of the Dungeon.
             The game lasted 00:01:23 (1174 turns).

Ijustatesigmund the Chopper (Hill Orc Fighter)      Turns: 1174, Time: 00:01:23

Health: 0/31       AC:  6    Str: 18    XL:     3   Next: 39%
Magic:  3/3        EV:  7    Int:  8    God:
Gold:   45         SH:  9    Dex: 11    Spells: 2/2 levels left

rFire    . . .     SeeInvis .   a - +0 war axe
rCold    . . .     Faith    .   c - +0 kite shield
rNeg     . . .     Spirit   .   b - +0 scale mail
rPois    .         Reflect  .   (no helmet)
rElec    .         Harm     .   (no cloak)
rCorr    .         Rampage  .   (no gloves)
Will     .....                  (no boots)
Stlth    ..........             (no amulet)
HPRegen  0.10/turn              (no ring)
MPRegen  0.08/turn              (no ring)

@: mighty
A: no striking features
a: no special abilities


You were on level 2 of the Dungeon.
You visited 1 branch of the dungeon, and saw 2 of its levels.

You collected 45 gold pieces.

Inventory:

Hand Weapons
 a - a +0 war axe (weapon)
Armour
 b - a +0 scale mail (worn)
 c - a +0 kite shield (worn)


   Skills:
 - Level 3.6 Fighting
 + Level 5.0 Axes
 - Level 3.2 Armour
 - Level 3.2 Shields


You had 2 spell levels left.
You didn't know any spells.
Your spell library was empty.

Dungeon Overview and Level Annotations

Branches:
Dungeon (2/15)

Altars:

Annotations:
D:2 Sigmund


Message History

You block the goblin's attack. You block Sigmund's attack.
The bat hits you but does no damage. x2
Sigmund points at you and mumbles some strange words.
You are confused.
The quokka completely misses you.
You slash Sigmund!
Sigmund is moderately wounded.
You slash the goblin!
You kill the goblin!
You barely miss the quokka. The bat hits you but does no damage.
The quokka barely misses you. Sigmund casts a spell at you.
You resist with significant effort.
You slash the quokka!
You kill the quokka!
You miss Sigmund. You slash the goblin!
You kill the goblin!
The bat hits you but does no damage. Sigmund gestures at you while chanting.
The puff of flame hits you.
Sigmund casts a spell.
Sigmund flickers and vanishes!
Deactivating autopickup; reactivate with Ctrl-A.
Your Axes skill increases to level 5!
The bat barely misses you. Something hits you.
You feel less confused. Something hits you but does no damage.
The bat misses you.
You closely miss the bat. The bat hits you but does no damage.
Something completely misses you. You block the bat's attack.
Something hits you but does no damage.
You slash something! You closely miss the bat.
The bat hits you but does no damage. You block the bat's attack.
Something hits you.
* * * LOW HITPOINT WARNING * * *
Something hits you.
* * * LOW HITPOINT WARNING * * *
You barely miss something. You slash the bat!
You kill the bat!
Something hits you.
You die...

#....# #....##### ##
#......... #.
#..##..##.
#####.######..# #.#
#......<...#..# .#
#..........#<.## #
#......>...#...#
#......@.....#..#
#.....<{....#...#
#...>....).!.......
#..$...............
#...................
#.................##
#..........#.......
#########.##.....#
#.# ......


There were no monsters in sight!

Vanquished Creatures
  2 bats
  2 endoplasms
  3 giant cockroaches (D:1)
  6 goblins
  5 hobgoblins
  2 kobolds (D:1)
  2 quokkas
  6 ball pythons (D:1)
  2 frilled lizards
  4 rats (D:1)
34 creatures vanquished.

Notes
Turn   | Place    | Note
-------+----------+-------------------------------------------
     0 | D:1      | Ijustatesigmund the Hill Orc Fighter began the quest for
                  | the Orb.
     0 | D:1      | Reached XP level 1. HP: 19/19 MP: 1/1
    17 | D:1      | Reached skill level 3 in Axes
    26 | D:1      | Reached XP level 2. HP: 26/26 MP: 2/2
   221 | D:1      | Reached skill level 4 in Axes
   455 | D:1      | Reached XP level 3. HP: 31/31 MP: 3/3
  1158 | D:2      | Noticed Sigmund
  1169 | D:2      | Reached skill level 5 in Axes
  1174 | D:2      | Slain by Sigmund

Illustrated notes

Levels and vault maps discovered:
D:1:      wander_arrival_abandoned_jail, layout_loops_ring, serial_rivers,
          chequers_serial_rivers_large_a, chequers_serial_rivers_small_3,
          chequers_serial_rivers_micro_d, chequers_serial_rivers_small_3,
          chequers_serial_rivers_room_a, chequers_serial_rivers_marsh
D:2:      layout_rooms, uniq_crazy_yiuf_cottage, uniq_sigmund

Skill      XL: |  1  2  3 |
---------------+----------+-----
Axes           | 3 4 5 |  5.0
Fighting       | |  3.6
Armour         | |  3.2
Shields        | |  3.2

Action                   || total
-------------------------++-------
Melee: War axe           ||    90
  Use: Potion            ||     2
       Scroll            ||     1
Armor: Scale mail        ||    32
Dodge: Dodged            ||    36
Block: Kite shield       ||    51

Table legend: (Time is in decaauts)
 A = Elapsed time spent in this place.
 B = Non-inter-level travel time spent in this place.
 C = Inter-level travel time spent in this place.
 D = Time resting spent in this place.
 E = Time spent auto-exploring this place.
 F = Levels seen in this place.
 G = Mean time per level.
                   A        B        C        D        E       F      G
               +--------+--------+--------+--------+--------+-----+--------+
         Total |   1239 |   1199 |     40 |      0 |    986 |   2 |  619.5 |
       Dungeon |   1239 |   1199 |     40 |      0 |    986 |   2 |  619.5 |
               +--------+--------+--------+--------+--------+-----+--------+

Top non-repeatable levels by time:
     D:1: 1151 daAuts
     D:2: 88 daAuts
